 Dungeon Crawl Stone Soup version 0.22-a0-283-g1871b15 (webtiles) character file.

11 4thArraOfDagon the Slasher (level 2, 3/22 HPs)
             Began as a Formicid Warper on Mar 18, 2018.
             Was an Initiate of the Shining One.
             Quit the game on level 5 of the Dungeon.
             The game lasted 00:02:11 (390 turns).

4thArraOfDagon the Slasher (Formicid Warper)         Turns: 390, Time: 00:02:12

Health: 3/22       AC:  0    Str: 15      XL:     2   Next: 40%
Magic:  5/5        EV: 13    Int: 12      God:    the Shining One [......]
Gold:   3          SH:  0    Dex:  5 (10) Spells: 5/5 levels left

rFire    . . .     SeeInvis .   (weapon currently unavailable)
rCold    . . .     Gourm    .   (shield currently unavailable)
rNeg     . . .     Faith    .   (armour currently unavailable)
rPois    .         Spirit   .   (helmet unavailable)
rElec    .         Reflect  .   (cloak currently unavailable)
rCorr    .         Harm     .   (gloves currently unavailable)
MR       .....                  (boots currently unavailable)
Stlth    +.........             (no amulet)
HPRegen  0.07/turn              (ring currently unavailable)
MPRegen  0.09/turn              (ring currently unavailable)

@: pig-form, glowing, very quick
A: small, permanent stasis, dig shafts and tunnels, four strong arms
a: Renounce Religion


You were on level 5 of the Dungeon.
You worshipped the Shining One.
The Shining One was noncommittal.
You were not hungry.
You were a filthy swine.
You visited 1 branch of the dungeon, and saw 7 of its levels.

You collected 87 gold pieces.
You spent 84 gold pieces at shops.

Inventory:

Hand Weapons
 a - a +1 falchion (melded)
 k - a +0 long sword
Missiles
 e - 5 tomahawks of dispersal (quivered)
Armour
 b - a +0 leather armour (melded)
Jewellery
 i - an uncursed ring of ice
Wands
 g - a wand of iceblast (6)
 j - a wand of polymorph (4)
Scrolls
 d - a scroll of blinking
 h - a scroll of identify
Potions
 c - 2 potions of resistance
Comestibles
 f - 3 rations


   Skills:
 - Level 2.1 Fighting
 * Level 2.9 Long Blades
 - Level 1.0 Throwing
 - Level 1.1 Armour
 - Level 1.7 Dodging
 - Level 2.1 Spellcasting
   Level 2.6 Translocations


You had 5 spell levels left.
You didn't know any spells.

Dungeon Overview and Level Annotations

Branches:
Dungeon (7/15)
 Temple: D:4-7

Altars:
Sif Muna
The Shining One

Shops:
D:6 }


Innate Abilities, Weirdness & Mutations

You cannot be hasted, slowed, berserked, paralysed or teleported.
You can dig through walls and to a lower floor.
Your four strong arms can wield two-handed weapons with a shield.
((You have a pair of large antennae on your head. (SInv)))


Message History

Unknown command.
Unknown command.
You barely miss the quasit. The quasit bites you.
The quasit barely misses you. x2
You barely miss the quasit. The quasit misses you. The quasit claws you.
The quasit closely misses you.
You miss the quasit. The quasit barely misses you.
The quasit closely misses you. The quasit misses you.
You closely miss the quasit. The quasit misses you. The quasit claws you.
You feel clumsy.
The quasit barely misses you. x2; The quasit claws you.
The quasit closely misses you.
You closely miss the quasit. The quasit bites you. The quasit claws you. x2
You miss the quasit. The quasit bites you.
* * * LOW HITPOINT WARNING * * *
You feel clumsy. The quasit barely misses you. The quasit claws you.
* * * LOW HITPOINT WARNING * * *
Unknown command.
Unknown command.
Are you sure you want to abandon this character and quit the game? (Confirm with "yes".)

#. #...........
#..##..Z..##...
#..#.##{.## ..#
#..####.#.##...#
#......{.......#
#...{{.........
####{#######...
##5# ### #h##
###


You could see a quasit.

Vanquished Creatures
  A leopard gecko (D:3)
  A bat (D:1)
  2 giant cockroaches
  A frilled lizard (D:3)
  2 goblins
  A goblin zombie (D:5)
  A hobgoblin zombie (D:5)
  2 kobold skeletons (D:5)
11 creatures vanquished.

Notes
Turn   | Place    | Note
-------+----------+-------------------------------------------
     0 | D:1      | 4thArraOfDagon the Formicid Warper began the quest for the Orb.
     0 | D:1      | Reached XP level 1. HP: 16/16 MP: 3/3
   121 | D:3      | Reached XP level 2. HP: 11/22 MP: 5/5
   146 | D:4      | You fall through a shaft for 3 floors!
   161 | D:7      | Noticed a scorpion
   246 | D:6      | Found a deep blue altar of Sif Muna.
   289 | D:6      | Found Gaivafay's Gadget Boutique.
   306 | D:6      | Bought a wand of polymorph (5) for 84 gold pieces
   317 | D:5      | Entered Level 5 of the Dungeon
   350 | D:5      | Found a glowing golden altar of the Shining One.
   350 | D:5      | Noticed a quasit
   369 | D:5      | Became a worshipper of the Shining One
   375 | D:5      | HP: 1/22 [quasit (2)]
   390 | D:5      | Quit the game

Vault maps used:
D:1:      dpeg_arrival_three_same_balls, minmay_misc_feat_room,
          minmay_misc_feat_hallway, hex_tiny, amethyst_killhole
D:2:      nicolae_overflow_crystal_walls, uniq_sigmund
D:4:      kennysheep_slug_shrine, kennysheep_okawaru_gauntlet,
          kennysheep_little_box, yredelemnul_forgotten_temple_becter,
          minmay_temple_entry_statues_pillars, gup_sewer_entry_spiral,
          first_ration
D:5:      black_bear_nest_2, lemuel_round_altar, nicolae_tso_besieged_by_evil
D:6:      lemuel_round_altar, overflow_temple_1_default, serial_shops, shop
D:7:      the_bakery

Action                   || total
-------------------------++-------
Melee: Falchion          ||    38
       Unarmed           ||     6
 Abil: Dig               ||     5
       Shaft Self        ||     1
Evoke: Wand              ||     1
  Use: Scroll            ||     3
       Potion            ||     1
Armor: Leather armour    ||    34
Dodge: Dodged            ||    58
       Rpst.: Falchion   ||    14

Table legend:
 A = Spawn XP
 B = Non-spawn XP
 C = Spawn XP percentage of total XP
 D = Spawn monster count
 E = Non-spawn monster count
 F = Spawn count percentage of total count
 G = Total turns spent on level
                    A         B        C        D         E        F      G
               +---------+---------+-------+---------+---------+-------+---------
         Total |       0 |      17 |   0.0 |       0 |      11 |   0.0 |   390
               +---------+---------+-------+---------+---------+-------+---------
           D:1 |       0 |       5 |   0.0 |       0 |       3 |   0.0 |    46
           D:3 |       0 |       6 |   0.0 |       0 |       3 |   0.0 |    26
           D:5 |       0 |       4 |   0.0 |       0 |       4 |   0.0 |    73
           D:6 |       0 |       2 |   0.0 |       0 |       1 |   0.0 |   142
               +---------+---------+-------+---------+---------+-------+---------
